 Dungeon Crawl Stone Soup version 0.16-a0-2296-gdce89d5 (webtiles) character file.

38162 MackTheKnife the Destroyer (level 13, -10/88 HPs)
             Began as a High Elf Air Elementalist on Nov 14, 2014.
             Was a High Priest of Vehumet.
             Killed from afar by a fire dragon (43 damage)
             ... with a blast of flame
             ... on level 6 of the Lair of Beasts on Nov 16, 2014.
             The game lasted 01:08:50 (23762 turns).

MackTheKnife the Destroyer (HEAE)                  Turns: 23762, Time: 01:08:50

Health: -10/88     AC: 12    Str:  7    XL:     13   Next: 62%
Magic:  1/35       EV: 16    Int: 23    God:    Vehumet [*****.]
Gold:   977        SH:  6    Dex: 18    Spells: 9 memorised, 11 levels left

rFire  . . .     SeeInvis +     a - +3 whip (elec)
rCold  . . .     Clarity  .     B - +1 leather armour {rN+}
rNeg   + + .     SustAb   .     D - +0 buckler
rPois  +         Gourm    .     y - +2 helmet {SInv}
rElec  .         Spirit   .     m - +1 cloak
rCorr  .         Warding  +     (no gloves)
rMut   .         Stasis   .     (no boots)
MR     +....                    p - amulet of warding
Stlth  +++.......               w - ring of poison resistance
                                x - +3 ring of protection

@: about to teleport, very slightly contaminated, hasted, repel missiles, very
quick, somewhat resistant to hostile enchantments, fairly stealthy
A: no striking features
a: Renounce Religion


You were on level 6 of the Lair of Beasts.
You worshipped Vehumet.
Vehumet was extremely pleased with you.
You were very hungry.

You visited 3 branches of the dungeon, and saw 18 of its levels.

You collected 1067 gold pieces.
You spent 90 gold pieces at shops.

Inventory:

Hand weapons
 a - a +3 whip of electrocution (weapon)
 K - a +0 blowgun
Missiles
 d - 22 stones (quivered)
 t - 7 curare-tipped needles
Armour
 m - a +1 cloak (worn)
 y - a +2 helmet of see invisible (worn)
 B - a +1 leather armour of positive energy (worn)
 D - a +0 buckler (worn)
Magical staves
 b - an uncursed staff of power
Jewellery
 p - an amulet of warding (around neck)
 w - a ring of poison resistance (right hand)
 x - a +3 ring of protection (left hand)
 C - an uncursed ring of wizardry
 I - a +2 ring of dexterity {unknown}
 L - an uncursed ring of protection from cold
Magical devices
 g - a wand of digging (24)
 h - a wand of disintegration (9)
 o - a wand of paralysis (1)
 v - a wand of disintegration (9)
 M - a wand of fireball (6)
Scrolls
 f - 2 scrolls of fog
 j - 3 scrolls of identify
 u - 8 scrolls of remove curse
 G - a scroll of enchant armour
 H - 6 scrolls of magic mapping
 N - 2 scrolls of recharging
 O - a scroll of enchant weapon
Potions
 c - 2 potions of agility
 e - 3 potions of restore abilities
 l - 2 potions of brilliance
 s - 2 potions of cancellation
 A - 6 potions of curing
 E - a potion of berserk rage
 F - 3 potions of flight
 J - 4 potions of haste
Miscellaneous
 Q - a disc of storms
Comestibles
 i - 2 chunks of flesh
 n - 4 bread rations
 q - 12 fruits
 r - 5 meat rations
 z - 7 royal jellies
 P - 2 beef jerkies


   Skills:
 - Level 8.0 Fighting
 - Level 8.0 Dodging
 - Level 6.1 Stealth
 - Level 5.8 Shields
 - Level 12.0 Spellcasting
 - Level 12.2 Conjurations
 - Level 5.0 Necromancy
 - Level 10.9 Air Magic
 + Level 7.8 Evocations


You had 11 spell levels left.
You knew the following spells:

 Your Spells              Type           Power        Failure   Level  Hunger
a - Static Discharge      Conj/Air       ######..     1%          3    None
b - Lightning Bolt        Conj/Air       ######....   1%          5    ####...
c - Dazzling Spray        Conj/Hex       #####...     1%          3    None
d - Repel Missiles        Chrm/Air       #####.       1%          2    None
e - Bolt of Draining      Conj/Necr      ######....   1%          5    ####...
f - Flight                Chrm/Air       #####.....   1%          3    None
g - Animate Skeleton      Necr           N/A          1%          1    None
s - Swiftness             Chrm/Air       #####...     1%          2    None
z - Shock                 Conj/Air       ####         1%          1    None


Dungeon Overview and Level Annotations

Branches:
Dungeon (11/15)            Temple (1/1) D:5            Lair (6/8) D:11
  Swamp (0/5) Lair:3        Snake (0/5) Lair:6          Orc (0/4) D:9
  Slime: Lair:6-8

Altars:
Ashenzari
Cheibriados
Dithmenos
Elyvilon
Fedhas
Gozag
Kikubaaqudgha
Makhleb
Nemelex Xobeh
Okawaru
Qazlal
Ru
Sif Muna
Trog
Vehumet
Xom
Yredelemnul
Zin
The Shining One

Annotations:
Lair:3 exclusions: downstairs and 3 insubstantial wisps


Message History

Confirm with . or Enter, or press ? or * to list all spells.
Aiming: Bolt of Draining
Press: ? - help, Shift-Dir - straight line, f/p - fire dragon
Aim: a fire dragon (severely wounded, catching its breath, lightly drained)
The bolt of negative energy misses the fire dragon.
Read which item? (? for menu, Esc to quit)
As you read the scroll of teleportation, it crumbles to dust.
You feel strangely unstable.
The fire dragon bites you but does no damage.
The fire dragon misses you. The fire dragon tramples you.
You stumble backwards!
Casting: Bolt of Draining
Confirm with . or Enter, or press ? or * to list all spells.
Aiming: Bolt of Draining
Press: ? - help, Shift-Dir - straight line, f/p - fire dragon
Aim: a fire dragon (severely wounded, lightly drained)
The bolt of negative energy misses the fire dragon.
The fire dragon breathes flames at you. The blast of flame hits you!
You die...

##.#### ########## ##.#
...# #≈ #### ≈≈≈≈ ##
######≈≈≈≈≈ .#
####...≈≈≈≈≈≈≈ .######
##.......≈≈≈≈≈≈
......#####........≈≈≈≈≈≈≈
#####...........@D≈≈≈≈≈≈≈≈
#####.........≈≈≈≈$$≈≈
###......≈≈≈..$$(
##....≈≈≈....!$
###..≈≈≈≈....! ####≈≈≈####
#####


You could see a fire dragon.

Vanquished Creatures
  4 hydras
  Fannar (Lair:3)
  Erica (D:10)
  Nergalle (D:11)
  2 hill giants
  Maurice (D:11)
  3 black mambas
  16 elephants
  7 spiny frogs
  Psyche (D:10)
  A fire drake (Lair:2)
  5 komodo dragons
  2 trolls
  Sonja (D:11)
  A queen bee (D:10)
  Grinder (D:6)
  A trapdoor spider zombie (D:9)
  A boulder beetle (Lair:5)
  11 blink frogs
  33 yaks
  A spriggan (D:10)
  A wyvern (D:11)
  5 hungry ghosts
  A basilisk (Lair:6)
  6 hippogriffs
  Edmund (D:9)
  A soldier ant (D:10)
  9 wolves
  2 nagas (Lair:6)
  12 water moccasins
  7 porcupines
  2 eyes of draining (D:10)
  2 orc warriors
  2 ice beasts (D:10)
  2 black bears
  11 crocodiles
  A yellow wasp (D:10)
  2 phantoms (D:9)
  2 necrophages
  2 centaurs
  4 ogres
  14 giant frogs
  A brain worm (Lair:6)
  An insubstantial wisp (Lair:3)
  4 scorpions
  2 wyvern skeletons (D:11)
  8 wights
  A troll zombie (D:9)
  25 killer bees (D:10)
  A goliath beetle (D:7)
  2 giant frog zombies
  A quasit (D:8)
  6 crimson imps
  12 hounds
  3 jellies
  A giant frog skeleton (D:6)
  9 worker ants
  8 orc priests
  3 centaur skeletons
  13 iguanas
  9 orc wizards
  7 sheep (Lair:2)
  5 orange rats
  Ijyb (D:2)
  7 ogre zombies
  2 mummies
  A worker ant zombie (D:7)
  Natasha (twice) (D:3)
  23 adders
  3 gnolls (D:5)
  37 green rats
  A shadow imp (D:5)
  A giant mite (D:5)
  4 worms
  An adder skeleton (D:4)
  3 giant geckos
  38 orcs
  2 ball pythons
  8 giant cockroaches
  11 hobgoblins
  15 quokkas
  16 bats
  6 giant newts
  9 goblins
  2 goblin zombies (D:9)
  A hobgoblin skeleton (D:9)
  2 hobgoblin zombies (D:9)
  8 jackals
  10 kobolds
  5 orc skeletons (D:9)
  14 orc zombies (D:9)
  18 rats
  3 plants
560 creatures vanquished.

Vanquished Creatures (others)
  An orc wizard (D:11)
  Natasha (D:3)
  An orange rat (Lair:3)
  A butterfly (D:4)
  2 fungi (Lair:6)
  A plant (Lair:6)
7 creatures vanquished.

Grand Total: 567 creatures vanquished

Notes
Turn   | Place    | Note
--------------------------------------------------------------
     0 | D:1      | MackTheKnife, the High Elf Air Elementalist, began the quest for the Orb.
     0 | D:1      | Reached XP level 1. HP: 11/11 MP: 4/4
   364 | D:1      | Reached XP level 2. HP: 17/17 MP: 0/6
   422 | D:1      | Learned a level 2 spell: Swiftness
   428 | D:1      | Reached skill level 4 in Air Magic
  1392 | D:2      | Reached XP level 3. HP: 16/21 MP: 1/8
  1565 | D:2      | Learned a level 3 spell: Static Discharge
  2046 | D:2      | Found a radiant altar of Vehumet.
  2100 | D:2      | Became a worshipper of Vehumet
  2343 | D:2      | Reached XP level 4. HP: 27/27 MP: 9/12
  2518 | D:2      | Reached skill level 5 in Air Magic
  2621 | D:3      | Upgraded the game from 0.16-a0-2179-gb75b79b to 0.16-a0-2254-g943817a
  2623 | D:3      | Noticed Ijyb
  2656 | D:2      | Killed Ijyb
  3270 | D:3      | Noticed Natasha
  3279 | D:3      | Killed Natasha
  3505 | D:3      | Reached skill level 8 in Spellcasting
  3505 | D:3      | Reached skill level 9 in Air Magic
  3505 | D:3      | Reached XP level 5. HP: 31/31 MP: 13/21
  3509 | D:3      | Noticed Natasha
  3511 | D:3      | Killed Natasha
  3511 | D:3      | Reached XP level 6. HP: 23/36 MP: 12/23
  3624 | D:3      | Noticed an orc warrior
  3624 | D:3      | Learned a level 5 spell: Lightning Bolt
  3649 | D:3      | Noticed Natasha
  3921 | D:3      | Killed an orc warrior
  3931 | D:3      | Killed Natasha
  4261 | D:4      | Acquired Vehumet's first power
  4261 | D:4      | Offered knowledge of Sandblast by Vehumet.
  4567 | D:4      | Reached XP level 7. HP: 41/41 MP: 20/25
  4595 | D:4      | Found a burning altar of Makhleb.
  5263 | D:5      | Entered Level 5 of the Dungeon
  5274 | D:5      | Found a sparkling altar of Nemelex Xobeh.
  5643 | D:5      | Found a blossoming altar of Fedhas.
  5671 | D:5      | Found a staircase to the Ecumenical Temple.
  6036 | D:5      | Reached skill level 10 in Air Magic
  6200 | D:5      | Reached XP level 8. HP: 37/46 MP: 14/26
  6229 | D:5      | Offered knowledge of Freeze by Vehumet.
  6348 | D:5      | Learned a level 2 spell: Repel Missiles
  6622 | Temple   | Entered the Ecumenical Temple
  6725 | D:6      | Reached skill level 5 in Dodging
  7270 | D:6      | Noticed Grinder
  7272 | D:6      | Killed Grinder
  7497 | D:7      | Reached skill level 1 in Fighting
  7792 | D:7      | Offered knowledge of Inner Flame by Vehumet.
  7792 | D:7      | Reached XP level 9. HP: 7/54 MP: 12/27
  8287 | D:8      | Acquired Vehumet's second power
  8777 | D:8      | Identified a scroll of acquirement
  8814 | D:8      | Found Zin's Purification Station.
  8817 | D:8      | Found a glowing silver altar of Zin.
  8820 | D:8      | Bought a potion of curing for 90 gold pieces
  9303 | D:8      | Offered knowledge of Dazzling Spray by Vehumet.
  9303 | D:8      | Reached skill level 5 in Fighting
  9417 | D:9      | Found a basalt altar of Yredelemnul.
  9422 | D:9      | Learned a level 3 spell: Dazzling Spray
  9423 | D:9      | Found an ancient bone altar of Kikubaaqudgha.
  9425 | D:9      | Found a shimmering altar of Xom.
  9426 | D:9      | Found a glowing golden altar of the Shining One.
  9575 | D:9      | Reached skill level 1 in Shields
  9746 | D:9      | Noticed Edmund
  9748 | D:9      | Killed Edmund
 10070 | D:9      | Acquired Vehumet's third power
 10189 | D:9      | Found a staircase to the Orcish Mines.
 10225 | D:9      | Offered knowledge of Ignite Poison by Vehumet.
 10235 | D:9      | Reached XP level 10. HP: 54/66 MP: 29/29
 10528 | D:9      | Reached skill level 5 in Shields
 10700 | D:10     | Entered Level 10 of the Dungeon
 10748 | D:10     | Noticed Psyche
 10756 | D:10     | Killed Psyche
 11582 | D:10     | Offered knowledge of Bolt of Draining by Vehumet.
 11783 | D:10     | Learned a level 5 spell: Bolt of Draining
 11873 | D:10     | Noticed Erica
 12486 | D:10     | Killed Erica
 12486 | D:10     | Reached XP level 11. HP: 63/71 MP: 5/30
 12687 | D:10     | Noticed a hill giant
 12689 | D:10     | Killed a hill giant
 12894 | D:11     | Noticed Nergalle
 13410 | D:11     | Noticed a hill giant
 13422 | D:11     | Killed a hill giant
 13458 | D:11     | Noticed Sonja
 13460 | D:11     | Killed Sonja
 13460 | D:11     | Reached skill level 5 in Necromancy
 13479 | D:11     | Noticed Maurice
 13505 | D:11     | Killed Maurice
 13669 | D:11     | Found a staircase to the Lair.
 13846 | D:11     | Killed Nergalle
 13903 | Lair:1   | Entered Level 1 of the Lair of Beasts
 14055 | Lair:1   | Learned a level 1 spell: Animate Skeleton
 14059 | Lair:1   | Learned a level 3 spell: Flight
 14604 | Lair:1   | Reached skill level 10 in Spellcasting
 14604 | Lair:1   | Reached skill level 10 in Conjurations
 14708 | Lair:1   | Noticed an eight-headed hydra
 14710 | Lair:1   | Killed an eight-headed hydra
 15491 | Lair:2   | Reached XP level 12. HP: 65/77 MP: 26/32
 15728 | Lair:2   | Reached skill level 11 in Conjurations
 16296 | Lair:2   | Offered knowledge of Delayed Fireball by Vehumet.
 17834 | Lair:3   | Noticed an eight-headed hydra
 17839 | Lair:3   | Killed an eight-headed hydra
 17960 | Lair:3   | Noticed Fannar
 18424 | Lair:3   | Killed Fannar
 18424 | Lair:3   | Reached skill level 12 in Conjurations
 18756 | Lair:3   | Found a staircase to the Swamp.
 19674 | Lair:3   | Upgraded the game from 0.16-a0-2254-g943817a to 0.16-a0-2296-gdce89d5
 20187 | Lair:4   | Offered knowledge of Poison Arrow by Vehumet.
 20584 | Lair:4   | Reached XP level 13. HP: 83/88 MP: 15/35
 21264 | Lair:5   | Noticed a six-headed hydra
 21269 | Lair:5   | Killed a six-headed hydra
 21269 | Lair:5   | Reached skill level 1 in Evocations
 22036 | Lair:5   | Reached skill level 5 in Stealth
 22421 | Lair:6   | Found a staircase to the Snake Pit.
 22525 | Lair:6   | Reached skill level 5 in Evocations
 23762 | Lair:6   | Killed from afar by a fire dragon

Action                   |  1- 3 |  4- 6 |  7- 9 | 10-12 | 13-15 || total
-------------------------+-------+-------+-------+-------+-------++-------
Melee: Whip              |    60 |    54 |   207 |   479 |   107 ||   907
       Staff             |       |       |       |     5 |       ||     5
Throw: Stone             |    12 |       |       |       |       ||    12
 Cast: Shock             |    62 |    58 |   152 |   136 |       ||   408
       Static Discharge  |     1 |    11 |    42 |   129 |    12 ||   195
       Lightning Bolt    |       |     6 |    34 |    92 |     8 ||   140
       Swiftness         |       |     1 |     1 |       |     1 ||     3
       Repel Missiles    |       |       |     1 |       |       ||     1
       Dazzling Spray    |       |       |     3 |       |       ||     3
       Bolt of Draining  |       |       |       |    44 |    88 ||   132
Evoke: Wand              |       |       |       |     5 |     1 ||     6
  Use: Potion            |       |     6 |       |     2 |     2 ||    10
       Scroll            |       |     3 |    12 |    11 |     5 ||    31
 Stab: Distracted        |     1 |       |       |       |       ||     1
       Sleeping          |       |     1 |     4 |     7 |     3 ||    15
       Invisible         |       |       |     1 |     5 |       ||     6
  Eat: Chunk             |     4 |     4 |    17 |    26 |    20 ||    71
       Bread ration      |       |     1 |     2 |     1 |       ||     4
       Pizza             |       |       |     1 |       |       ||     1
       Fruit             |       |       |     1 |     3 |       ||     4
       Meat ration       |       |       |       |     2 |       ||     2
       Beef jerky        |       |       |       |     1 |       ||     1
       Royal jelly       |       |       |       |     5 |     1 ||     6
